 Dungeon Crawl Stone Soup version 0.30-b1-2-g02819fbbbe (webtiles) character file.

Game seed: 17895987380632887871

99761 LLlMATKO the Severer (level 15, -9/155 HPs)
             Began as a Minotaur Berserker on Oct 29, 2023.
             Was the Champion of Trog.
             Killed by divine providence
             ... invoked by an orc high priest
              (12 damage)
             ... on level 2 of the Orcish Mines.
             The game lasted 00:26:04 (23824 turns).

LLlMATKO the Severer (Minotaur Berserker)          Turns: 23824, Time: 00:26:05

Health: -9/155     AC: 37    Str: 31      XL:     15   Next: 78%
Magic:  14/14      EV: 16    Int:  7 (10) God:    Trog [******]
Gold:   1715       SH: 11    Dex: 16      Spells: 14/14 levels left

rFire   + . .        J - +3 broad axe (flame)
rCold   + . .        C - +0 buckler
rNeg    . . .        e - +15 Maxwell's patent armour {-Cast -Tele rElec Will+ rCorr}
rPois   .            (helmet restricted)
rElec   +            Z - scarf {rC+ rF+}
rCorr   +            X - +0 pair of gloves
SInv    +            L - +1 pair of boots {Fly}
Will    +++++        F - amulet of reflection Stlth
                     D - ring "Owkoadgh" {+Blink Will+ Str+2 Int+6}
HPRegen 0.45/turn    W - ring "Culyrofu" {Will++ Dex+6 SInv}
MPRegen 0.14/turn

%: no teleportation, no spellcasting, reflection
@: on berserk cooldown, flying, slowed, studying Axes, very slow
A: horns 2, retaliatory headbutt
a: Renounce Religion, Evoke Blink, Berserk, Trog's Hand, Brothers in Arms


You were on level 2 of the Orcish Mines.
You worshipped Trog.
Trog was exalted by your worship.
You visited 3 branches of the dungeon, and saw 22 of its levels.
You visited 1 bazaar.
You also visited: Sewer and Bailey.

You collected 3050 gold pieces.
You spent 1335 gold pieces at shops.

Inventory:

Hand Weapons
 w - a +2 hand axe of freezing
 J - a +3 broad axe of flaming (weapon)
 R - a +4 war axe
Missiles
 l - 22 boomerangs
 y - 22 poisoned darts (quivered)
 z - 8 curare-tipped darts
Armour
 e - the +15 Maxwell's patent armour (worn) {-Cast -Tele rElec Will+ rCorr}
   (You acquired it in a sewer)

   rElec:     It insulates you from electricity.
   -Cast:     It prevents spellcasting.
   -Tele:     It prevents most forms of teleportation.
   rCorr:     It protects you from acid and corrosion.
   Will:      It increases your willpower.
 C - a +0 buckler (worn)
 L - a +1 pair of boots of flying (worn)
 X - a +0 pair of gloves (worn)
 Z - a scarf of resistance (worn)
Jewellery
 b - the ring of Contentment {Fly rC- rCorr Str+4 Int+4}
   (You found it on level 3 of the Lair of Beasts)

   [ring of flight]

   Str:       It affects your strength (+4).
   Int:       It affects your intelligence (+4).
   rC:        It makes you vulnerable to cold.
   Fly:       It grants you flight.
   rCorr:     It protects you from acid and corrosion.
 c - a ring of resist corrosion
 A - the ring of Ciclaf {Fire rPois Will- rCorr}
   (You found it on level 2 of the Lair of Beasts)

   [ring of fire]

   It enhances your fire magic.
   rF:        It protects you from fire.
   rC:        It makes you vulnerable to cold.
   rPois:     It protects you from poison.
   rCorr:     It protects you from acid and corrosion.
   Will:      It decreases your willpower.
 D - the ring "Owkoadgh" (left hand) {+Blink Will+ Str+2 Int+6}
   (You found it on level 5 of the Dungeon)

   [ring of intelligence]

   Str:       It affects your strength (+2).
   Int:       It affects your intelligence (+6).
   +Blink:    It lets you blink.
   Will:      It increases your willpower.
 F - an amulet of reflection (around neck)
 K - the ring of Qazlal, Bedazzling {Fly rF- rCorr Int+3 Dex+3}
   (You found it in a bailey)

   [ring of flight]

   Int:       It affects your intelligence (+3).
   Dex:       It affects your dexterity (+3).
   rF:        It makes you vulnerable to fire.
   Fly:       It grants you flight.
   rCorr:     It protects you from acid and corrosion.
 P - a ring of fire
 U - a ring of protection from cold
 W - the ring "Culyrofu" (right hand) {Will++ Dex+6 SInv}
   (You acquired it on level 3 of the Lair of Beasts)

   [ring of dexterity]

   Dex:       It affects your dexterity (+6).
   SInv:      It lets you see invisible.
   Will:      It greatly increases your willpower.
Wands
 q - a wand of charming (12)
 B - a wand of quicksilver (12)
 H - a wand of iceblast (23)
 S - a wand of digging (3)
Scrolls
 h - 3 scrolls of blinking
 n - 17 scrolls of identify
 t - 9 scrolls of teleportation
 E - 2 scrolls of butterflies
 G - 6 scrolls of enchant weapon
 M - a scroll of silence
 N - 3 scrolls of enchant armour
 Q - 2 scrolls of fog
 V - a scroll of fear
 Y - a scroll of brand weapon
Potions
 a - 3 potions of berserk rage {unknown}
 d - 8 potions of heal wounds
 f - 6 potions of lignification {unknown}
 g - 3 potions of attraction
 i - 8 potions of might {unknown}
 j - 2 potions of haste {unknown}
 k - 2 potions of invisibility {unknown}
 m - 5 potions of brilliance
 o - 6 potions of degeneration {unknown}
 p - 3 potions of ambrosia {unknown}
 r - 6 potions of cancellation {unknown}
 s - 6 potions of flight
 u - 16 potions of curing {unknown}
 v - 2 potions of mutation {unknown}
 x - a potion of magic
 T - a potion of resistance {unknown}


   Skills:
 + Level 19.7 Fighting
 + Level 20.0 Axes
 + Level 16.8 Armour
 + Level 15.6 Dodging
 + Level 6.7 Shields


You had 14 spell levels left.
You didn't know any spells.
Your spell library was empty.

Dungeon Overview and Level Annotations

Branches:
Dungeon (15/15)            Temple (0/1) D:6            Lair (5/5) D:8
 Shoals (0/4) Lair:3        Snake (0/4) Lair:2        Slime (0/5) Lair:4
    Orc (2/2) D:12            Elf (0/3) Orc:2        Vaults (0/5) D:13
 Depths (0/4) D:15          Sewer (visited)          Bailey (visited)

Altars:
Ashenzari
Cheibriados
Elyvilon
Fedhas
Gozag
Hepliaklqana
Makhleb
Nemelex Xobeh
Ru
Trog
Wu Jian
Yredelemnul
Zin
Jiyva

Shops:
D:3 =   D:9 =   Orc:1 :


Innate Abilities, Weirdness & Mutations

You have a pair of horns on your head.
You reflexively headbutt those who attack you in melee.


Message History

Unknown command.
You completely miss the orc sorcerer. You slice the sixfirhy!!
You burn the sixfirhy.
You kill the sixfirhy!
The sixfirhy disappears in a puff of smoke!
You barely miss the sun demon. You block the sun demon's attack.
The orange demon closely misses you. The orc sorcerer completely misses you.
The sun demon closely misses you.
The orange demon stings you but does no damage.
Unknown command.
As you read the scroll of fear, it crumbles to dust.
You assume a fearsome visage.
The orange demon looks frightened!
The sun demon looks frightened!
The orc high priest looks frightened!
The orc looks frightened!
The orc priest looks frightened!
The warg resists with some effort.
The warg looks frightened!
The orc looks frightened! x3
The orc sorcerer resists with some effort.
Your skin stops crawling.
You feel less strong-willed.
Unknown command.
The orc sorcerer attacks as you move away!
The orc sorcerer closely misses you. The orc sorcerer completely misses you.
An orc comes into view. It is wielding a +0 dagger.
Things that are here:
a +0 dagger; a +0 leather armour; a +0 hand axe The orc sorcerer attacks as you move away!
You block the orc sorcerer's attack.
The orc shouts!
The sun demon disappears in a puff of smoke!
You see here a +0 flail.
You barely miss the orc sorcerer. You block the orc sorcerer's attack.
The orc sorcerer gestures at you while chanting.
The bolt of fire hits you. You resist.
* * * LOW HITPOINT WARNING * * *
Unknown command.
You slice the orc sorcerer!! You burn the orc sorcerer.
The orc sorcerer is severely wounded.
You block the orc sorcerer's attack.
The orc high priest invokes the aid of Beogh against you.
Beogh smites you!
You die...

,,,*,,,,,,,..*,...,*..#,,,,#.....
,,,*,***,**#h###'###..#,,,,#.....
+***,* *,* #oo§§o.....##+###.....
,,,,,* *,* #.o8o..8..............
+**,,***,###o......o..#*+###....#
,,*,,,,,,...oo.)o)....#,,,,#....#
,,*,,*******,**#h#*#..#,,,,#.....
,,*,,* #,* #o# #..#,,,∩#....#
***,,*****##.###@###..######.....
,,,,,,,,,......o..............†..
,,,,,,,,,........................
**,*,,,,*......#...##...##.##....
,,,,,,,,,.##....#.####...........
,,,,,,,,,,.......## ##..##.......
,,,,,,*,,.......#* #...####....#
,,,,,,*,,..##...,* ##.## ###...
,,,,,,,,,,,*#..,** ### *#..


You could see an orc high priest, a warg, an orc sorcerer and 3 orcs.

Vanquished Creatures
  Jorgrun (Orc:2)
  Rupert (D:14)
  Kirke (D:15)
  A stone giant (D:15)
  Nessos (D:15)
  The ghost of Irhican the Severer, a journeyman MiBe of Trog (Lair:3)
  The ghost of Oluanan the Fighter, a journeyman DsFi of Hepliaklqana (Lair:3)
  Snorg (D:12)
  A fire dragon (Lair:5)
  Josephine (D:15)
  2 hydras
  3 catoblepae
  6 boulder beetles
  2 centaur warriors
  The ghost of Syrassil the Fighter, a novice HOWn of Okawaru (D:8)
  7 two-headed ogres
  2 orc high priests (Orc:2)
  Urug (D:11)
  4 tengu warriors
  Amaemon (Lair:1)
  A skyshark (Lair:4)
  4 skeletal warriors (D:13)
  Pikel (D:5)
  An orc knight (D:15)
  An orc sorcerer (Orc:1)
  2 lindwurms (Lair:5)
  An orange crystal statue (D:9)
  A necromancer (D:13)
  2 cyclopes
  A deep elf pyromancer (D:15)
  20 ugly things
  A wolf spider (Lair:5)
  3 manticores
  6 torpor snails
  20 elephants
  A guardian serpent (Lair:5)
  4 merfolk sirens (Lair:3)
  2 gargoyles
  6 black mambas
  15 cane toads
  2 efreet (D:15)
  An orange demon (Lair:1)
  2 rime drakes (Lair:2)
  A kobold demonologist (D:10)
  7 komodo dragons
  2 unseen horrors
  A tengu conjurer (D:15)
  3 tyrant leeches (Lair:5)
  7 trolls
  Prince Ribbit (D:8)
  4 blink frogs (Lair:5)
  12 hornets
  5 dream sheep
  2 shadows
  5 slime creatures (D:12)
  A spriggan (Lair:4)
  3 vampires (D:13)
  7 wraiths
  A fire bat (shapeshifter) (D:13)
  Grum (D:9)
  10 wyverns
  67 yaks
  3 steam dragons
  4 hogs (D:15)
  3 vampire mosquitoes
  2 redbacks (Lair:5)
  9 wargs
  27 water moccasins
  3 acid dragons
  A hydra simulacrum (Lair:2)
  A sky beast (D:5)
  4 black bears
  17 orc warriors
  7 wolves
  5 ogres
  11 centaurs
  A phantom (D:5)
  2 kobold brigands
  The ghost of mavignon the Vexing, an amateur SpHs (D:3)
  A gnoll sergeant (D:6)
  Blork the orc (D:4)
  7 bullfrogs
  5 scorpions
  12 wights
  16 killer bees
  10 electric eels
  4 howler monkeys
  2 quasits (Sewer)
  2 gnoll boudas
  5 hounds
  2 jellies (D:6)
  23 orc priests
  Crazy Yiuf (D:4)
  2 iguanas
  A water moccasin simulacrum (Lair:2)
  19 orc wizards
  A sleepcap (D:7)
  Natasha (thrice) (D:4)
  2 hell rats (Lair:2)
  A mummy (D:15)
  Robin (D:4)
  5 gnolls
  3 adders
  10 river rats (Lair:2)
  2 shadow imps (Sewer)
  2 white imps
  A howler monkey simulacrum (D:10)
  7 ufetubi
  4 worms
  A dart slug (D:2)
  50 orcs
  7 bats
  5 endoplasms
  2 giant cockroaches
  12 hobgoblins
  11 jackals
  36 kobolds
  5 quokkas
  12 ball pythons
  3 frilled lizards (D:1)
  23 goblins
  4 rats
  2 plants (Lair:5)
706 creatures vanquished.

Vanquished Creatures (collateral kills)
  An ice dragon (Lair:2)
  The ghost of Beenuq the Cleaver, a journeyman OpFi of Gozag (Lair:2)
  A skeletal warrior (D:13)
  2 rime drakes (Lair:2)
  A redback (shapeshifter) (D:8)
  A cane toad simulacrum (Lair:2)
  A dream sheep simulacrum (Lair:2)
  A torpor snail simulacrum (Lair:2)
  A polar bear simulacrum (Lair:2)
10 creatures vanquished.

Vanquished Creatures (others)
  Grinder (Sewer)
  An endoplasm (Sewer)
  12 fungi
  62 plants
76 creatures vanquished.

Grand Total: 792 creatures vanquished

Notes
Turn   | Place    | Note
-------+----------+-------------------------------------------
     0 | D:1      | LLlMATKO the Minotaur Berserker began the quest for the
                  | Orb.
     0 | D:1      | Reached XP level 1. HP: 19/19 MP: 0/0
   157 | D:1      | Reached XP level 2. HP: 18/27 MP: 1/1
   605 | D:2      | Reached skill level 4 in Axes
   802 | D:2      | Reached XP level 3. HP: 33/33 MP: 2/2
   874 | D:2      | Reached ** piety under Trog
  1421 | D:3      | Found a runed translucent gate.
  1422 | D:3      | Found a runed translucent gate.
  1422 | D:3      | Found a runed translucent gate.
  1422 | D:3      | Noticed mavignon's ghost (amateur SpHs)
  1440 | D:3      | Noticed an orc warrior
  1445 | D:3      | Killed an orc warrior
  1446 | D:3      | Reached XP level 4. HP: 41/41 MP: 3/3
  1446 | D:3      | Reached XP level 5. HP: 47/47 MP: 4/4
  1501 | D:3      | Found a burning altar of Makhleb.
  1569 | D:3      | Found Qiegac's Jewellery Shoppe.
  1582 | D:3      | Found a faded altar of an unknown god.
  1755 | D:3      | Found a broken altar of Ashenzari.
  2137 | D:3      | Killed mavignon's ghost
  2138 | D:3      | Reached skill level 5 in Fighting
  2138 | D:3      | Reached skill level 5 in Axes
  2187 | D:4      | Reached XP level 6. HP: 56/56 MP: 5/5
  2243 | D:4      | Noticed Blork the orc
  2250 | D:4      | Killed Blork the orc
  2374 | D:4      | Noticed Robin
  2380 | D:4      | Killed Robin
  2391 | D:4      | Reached skill level 5 in Armour
  2391 | D:4      | Reached XP level 7. HP: 39/62 MP: 6/6
  2567 | D:4      | Found a sacrificial altar of Ru.
  2697 | D:4      | Noticed Natasha
  2700 | D:4      | Killed Natasha
  2708 | D:4      | Reached skill level 6 in Axes
  2889 | D:4      | Found a runed translucent door.
  2890 | D:4      | Noticed Crazy Yiuf
  2957 | D:4      | Identified the +8 short sword of Cowardice {heavy, rN+
                  | Will- rCorr Dex+3}
  3064 | D:4      | Noticed Natasha
  3066 | D:4      | Killed Natasha
  3172 | D:4      | Noticed Natasha
  3180 | D:4      | Killed Crazy Yiuf
  3181 | D:4      | Reached skill level 5 in Dodging
  3182 | D:4      | Killed Natasha
  3378 | D:4      | Found a sacrificial altar of Ru.
  3602 | D:4      | Found a sacrificial altar of Ru.
  3910 | D:5      | Entered Level 5 of the Dungeon
  3947 | D:5      | Identified a scroll of acquirement
  3947 | D:5      | Acquired a manual of Fighting
  4112 | D:5      | Noticed Pikel
  4115 | D:5      | Reached *** piety under Trog
  4124 | D:5      | Killed Pikel
  4125 | D:5      | Reached skill level 7 in Axes
  4125 | D:5      | Reached XP level 8. HP: 74/74 MP: 7/7
  4129 | D:5      | Found a glowing drain.
  4147 | Sewer    | Entered a sewer
  4152 | Sewer    | Acquired the +15 Maxwell's patent armour {-Cast -Tele rElec
                  | Will+ rCorr}
  4152 | Sewer    | Found the +15 Maxwell's patent armour {-Cast -Tele rElec
                  | Will+ rCorr}
  4349 | Sewer    | Found a burning altar of Makhleb.
  4407 | Sewer    | Noticed Grinder
  4414 | Sewer    | Killed Grinder
  4787 | D:5      | Found a sparkling altar of Nemelex Xobeh.
  4917 | D:5      | Noticed a hornet
  4925 | D:5      | Killed a hornet
  4989 | D:5      | Identified the ring "Owkoadgh" {+Blink Will+ Str+2 Int+6}
  5060 | D:5      | Found a glowing silver altar of Zin.
  5179 | D:6      | Reached XP level 9. HP: 64/83 MP: 8/8
  5236 | D:3      | Bought an amulet of reflection for 300 gold pieces
  5323 | D:6      | Reached skill level 8 in Axes
  5611 | D:6      | Found a staircase to the Ecumenical Temple.
  5642 | D:6      | Reached skill level 10 in Fighting
  5648 | D:6      | Found a blossoming altar of Fedhas.
  5730 | D:6      | Reached **** piety under Trog
  6376 | D:7      | Found a flagged portal.
  6448 | Bailey   | Entered a bailey
  6666 | Bailey   | Identified the ring "Asule" {rN+ Str-3 Int+5 Dex+3}
  6712 | Bailey   | Reached skill level 9 in Axes
  6734 | Bailey   | Identified the ring of Qazlal, Bedazzling {Fly rF- rCorr
                  | Int+3 Dex+3}
  7465 | D:7      | Noticed a two-headed ogre
  7483 | D:7      | Killed a two-headed ogre
  7484 | D:7      | Reached XP level 10. HP: 87/97 MP: 9/9
  7811 | D:8      | Found a staircase to the Lair.
  7886 | D:8      | Identified the +1 leather armour "Xiffeuti" {Drain Str+4
                  | Slay+2}
  7905 | D:8      | Found a bloodstained altar of Trog.
  7912 | D:8      | Reached ***** piety under Trog
  8057 | D:8      | Reached skill level 10 in Axes
  8243 | D:8      | Noticed Prince Ribbit
  8249 | D:8      | Killed Prince Ribbit
  8553 | D:8      | Found a runed translucent gate.
  8554 | D:8      | Found a runed translucent gate.
  8554 | D:8      | Found an opulent altar of Gozag.
  8555 | D:8      | Found a runed translucent gate.
  8609 | D:8      | Noticed a guardian serpent
  8898 | D:8      | Noticed Syrassil's ghost (novice HOWn)
  8898 | D:8      | Noticed a fire crab
  8900 | D:8      | a fire crab changed into a redback
  8916 | D:8      | Killed Syrassil's ghost
  8917 | D:8      | Reached skill level 10 in Armour
  9369 | D:9      | Found a white marble altar of Elyvilon.
  9369 | D:9      | Found an opulent altar of Gozag.
  9370 | D:9      | Found a basalt altar of Yredelemnul.
  9415 | D:9      | Noticed Grum
  9428 | D:9      | Reached XP level 11. HP: 57/108 MP: 10/10
  9431 | D:9      | Killed Grum
  9728 | D:9      | Noticed an orange crystal statue
  9746 | D:9      | Killed an orange crystal statue
  9747 | D:9      | Reached skill level 11 in Axes
  9967 | D:9      | Found Nanuv's Jewellery Emporium.
 10057 | D:9      | Noticed a two-headed ogre
 10068 | D:9      | Killed a two-headed ogre
 10069 | D:9      | Reached skill level 10 in Dodging
 10532 | D:10     | Entered Level 10 of the Dungeon
 10601 | D:10     | Found an ornate altar of the Wu Jian Council.
 10624 | D:10     | Found a transporter.
 10626 | D:10     | Found a transporter.
 10630 | D:10     | Found a transporter.
 10724 | D:10     | Reached skill level 15 in Fighting
 10772 | D:10     | Noticed a two-headed ogre
 10779 | D:10     | Killed a two-headed ogre
 10795 | D:10     | Noticed a two-headed ogre
 10810 | D:10     | Killed a two-headed ogre
 10965 | D:10     | Reached skill level 12 in Axes
 11162 | D:10     | Found a transporter.
 11365 | D:11     | Noticed a boulder beetle
 11379 | D:11     | Noticed Urug
 11394 | D:11     | Killed a boulder beetle
 11402 | D:11     | Killed Urug
 11403 | D:11     | Reached XP level 12. HP: 122/122 MP: 11/11
 11759 | D:11     | You are sucked into a shaft and drop 2 floors!
 11938 | D:13     | Reached skill level 13 in Axes
 12470 | D:13     | Noticed a two-headed ogre
 12482 | D:13     | Killed a two-headed ogre
 12752 | D:13     | Found a gate to the Vaults.
 12752 | D:13     | Noticed a two-headed ogre
 12761 | D:13     | Killed a two-headed ogre
 13007 | D:12     | Found a flickering gateway to a bazaar.
 13041 | Bazaar   | Entered a bazaar
 13041 | Bazaar   | Found Gokobami's Book Emporium.
 13041 | Bazaar   | Found Reeqyjeh's Magic Scroll Emporium.
 13121 | Bazaar   | Found Lyuramun's Antique Weapon Shoppe.
 13121 | Bazaar   | Found Qaor Huder's Book Shoppe.
 13138 | Bazaar   | Bought a manual of Axes for 720 gold pieces
 13142 | Bazaar   | Bought a crystal broad axe for 315 gold pieces
 13142 | Bazaar   | Identified the +9 broad axe "Ozxeam" {pain, Will+ Str+3}
                  | (You bought it in a shop in a bazaar)
 13270 | D:12     | Identified the +7 plate armour of Coir {-Cast rF+ Stlth+}
 13313 | D:12     | Noticed a fire dragon
 13466 | D:12     | Noticed a boulder beetle
 13475 | D:12     | Killed a boulder beetle
 13494 | D:12     | Noticed Snorg
 13510 | D:12     | Killed Snorg
 13691 | D:12     | Noticed a boulder beetle
 13699 | D:12     | Reached XP level 13. HP: 132/132 MP: 12/12
 13703 | D:12     | Reached skill level 14 in Axes
 14206 | D:12     | Found a staircase to the Orcish Mines.
 14690 | D:14     | Received a gift from Trog
 14879 | D:14     | Reached skill level 15 in Axes
 15142 | D:14     | Noticed Rupert
 15157 | D:14     | Killed Rupert
 15999 | Lair:1   | Entered Level 1 of the Lair of Beasts
 16049 | Lair:1   | Reached skill level 16 in Axes
 16385 | Lair:1   | Noticed Amaemon
 16393 | Lair:1   | Killed Amaemon
 16904 | Lair:2   | Noticed Beenuq's ghost (journeyman OpFi)
 17060 | Lair:2   | Reached XP level 14. HP: 143/143 MP: 13/13
 17131 | Lair:2   | Found a runed translucent gate.
 17131 | Lair:2   | Found a runed translucent gate.
 17131 | Lair:2   | Found a runed translucent gate.
 17266 | Lair:2   | Found a staircase to the Snake Pit.
 17581 | Lair:3   | Acquired the ring "Culyrofu" {Will++ Dex+6 SInv}
 17722 | Lair:3   | Found a runed translucent gate.
 17722 | Lair:3   | Found a runed translucent gate.
 17722 | Lair:3   | Found a runed translucent gate.
 17838 | Lair:3   | Found a staircase to the Shoals.
 17841 | Lair:3   | Reached ****** piety under Trog
 17845 | Lair:3   | Reached skill level 15 in Armour
 18043 | Lair:3   | Received a gift from Trog
 18047 | Lair:3   | Reached skill level 17 in Axes
 18503 | Lair:3   | Noticed Irhican's ghost (journeyman MiBe)
 18504 | Lair:3   | Noticed Oluanan's ghost (journeyman DsFi)
 18598 | Lair:3   | Killed Irhican's ghost
 18601 | Lair:3   | Killed Oluanan's ghost
 18625 | Lair:3   | Identified the ring of Contentment {Fly rC- rCorr Str+4
                  | Int+4}
 19074 | Lair:4   | Found a viscous altar of Jiyva.
 19075 | Lair:4   | Found a staircase to the Slime Pits.
 19677 | Lair:5   | Entered Level 5 of the Lair of Beasts
 19687 | Lair:5   | Reached skill level 18 in Axes
 19695 | Lair:5   | Reached skill level 1 in Shields
 20177 | Lair:5   | Received a gift from Trog
 20405 | Lair:5   | Reached XP level 15. HP: 152/152 MP: 14/14
 20871 | Lair:5   | Reached skill level 15 in Dodging
 20904 | Lair:5   | Identified the +7 great mace of Kindness {heavy, rF+ rC+
                  | Str-5 Dex+3}
 21076 | Lair:5   | Found a runed translucent door.
 21130 | Lair:5   | Reached skill level 19 in Axes
 21342 | Lair:5   | Identified the +9 halberd of Dishonesty {pain, Str+2 SInv}
 21684 | D:15     | Entered Level 15 of the Dungeon
 21689 | D:15     | Reached skill level 5 in Shields
 21813 | D:15     | Found a staircase to the Depths.
 21966 | D:15     | Noticed Kirke
 21981 | D:15     | Killed Kirke
 22114 | D:15     | Noticed Josephine
 22124 | D:15     | Killed Josephine
 22250 | D:15     | Found a hazy altar of Hepliaklqana.
 22399 | D:15     | Found a snail-covered altar of Cheibriados.
 22399 | D:15     | Noticed Nessos
 22410 | D:15     | Killed Nessos
 22860 | Lair:2   | Killed Beenuq's ghost
 22933 | Lair:2   | Got the ring of Ciclaf {Fire rPois Will- rCorr}
 23104 | Orc:1    | Entered Level 1 of the Orcish Mines
 23113 | Orc:1    | Received a gift from Trog
 23372 | Orc:1    | Found Joitza's Book Shop.
 23635 | Orc:2    | Entered Level 2 of the Orcish Mines
 23635 | Orc:2    | Found a staircase to the Elven Halls.
 23789 | Orc:2    | Noticed Jorgrun
 23802 | Orc:2    | Reached skill level 20 in Axes
 23809 | Orc:2    | Killed Jorgrun
 23817 | Orc:2    | HP: 2/155 [orc high priest/divine providence (13)]
 23823 | Orc:2    | HP: 3/155 [orc sorcerer/bolt of fire (5)]
 23824 | Orc:2    | Killed from afar by an orc high priest

Illustrated notes

Levels and vault maps discovered:
D:1:      dpeg_arrival_shelter, layout_basic
D:2:      layout_basic
D:3:      layout_basic, lemuel_tele_altar, mainiacjoe_overflow_alcove_2,
          chequers_ecumenical_altar_island, ebering_ghost_rock_garden,
          serial_shops, shop
D:4:      layout_basic, nicolae_ru_awakened_eye, uniq_natasha, uniq_robin,
          uniq_crazy_yiuf_cottage, uniq_blork_the_orc
D:5:      layout_rooms, zin_scriptorium, amcnicky_altar_gilded,
          cheibrodos_sewer_entry_sluice, mrwooster_statue_mirror,
          bh_walls_and_bars, uniq_pikel
D:6:      minmay_skewed_foursquare, layout_gridville,
          mainiacjoe_overflow_concentric_impassable, st_stairs_7
D:7:      layout_loops_ring, enter_bailey_4, minmay_misc_feat_rows,
          hangedman_decor_clover_reticule, hex_medium, palyth_stone_intersect
D:8:      layout_layer_cave, mainiacjoe_overflow_24_doors,
          erik_lair_orcish_takeover, ebering_ghost_gozag, serial_bayou,
          serial_bayou_lagoon_b, serial_bayou_crossing, serial_bayou_ford_a,
          serial_bayou_pond_c, uniq_prince_ribbit1
D:9:      layout_basic, gammafunk_temple_overflow_claw, serial_shops,
          nicolae_stop_n_shop_1, minmay_statue_bubble, uniq_grum
D:10:     minmay_clustersquares, layout_cross,
          nicolae_wu_jian_immortal_techniques, nicolae_transporter_circle
D:11:     layout_basic, uniq_urug
D:12:     nicolae_cairo_tiling, layout_basic, orc_0_dummy, serial_shops,
          bzr_entry_islet, wad_floor_pattern_1, minivault_12, uniq_snorg
D:13:     layout_loops_ring, david_vaults_1
D:14:     layout_loops_corners, kennysheep_another_room, uniq_rupert
D:15:     grunt_enter_depths_snipers, layout_basic,
          nicolae_hepliaklqana_hazy_memory, slow_altar_1, uniq_kirke,
          uniq_nessos, uniq_josephine
Lair:1:   layout_loops_ring, uniq_amaemon
Lair:2:   layout_chaotic_city, dummy_snake_entry, gammafunk_ghost_icy,
          kennysheep_rathole, serial_bayou_shore_a, infiniplex_staircase_pool
Lair:3:   layout_regular_city, elwin_shoals_entry_stream,
          gammafunk_ghost_cemetery, wad_woods_road_04
Lair:4:   layout_hall_layers, slime_entry_1, grunt_forest_large_clearing_hut,
          lemuel_fruit_tree
Lair:5:   wormcave, layout_cave_shapes, hangedman_lair_tendril_chambers,
          nzn_sisyphean_effort
Orc:1:    layout_caves, serial_shops, nicolae_shop_peninsula
Orc:2:    st_orc_town, layout_caves, serial_shops, nicolae_shop_window_shopping,
          nicolae_volcano_entry_vermiform, mines1_david, uniq_jorgrun,
          uniq_maurice

Skill      XL: |  1  2  3  4  5  6  7  8  9 10 11 12 13 14 15 |
---------------+----------------------------------------------+-----
Fighting       | 4 5 7 9 12 13 15 17 18 19 | 19.7
Axes           | 4 5 7 9 10 12 13 16 18 20 | 20.0
Armour         | 3 4 5 6 7 9 10 11 13 14 16 | 16.8
Dodging        | 3 4 6 8 9 11 12 13 14 15 | 15.6
Shields        | 3 6 |  6.7

Action                     |  1- 3 |  4- 6 |  7- 9 | 10-12 | 13-15 || total
---------------------------+-------+-------+-------+-------+-------++-------
  Melee: Hand axe          |    91 |    63 |   363 |   636 |       ||  1153
         Headbutt          |    13 |     8 |    64 |   170 |   198 ||   453
         Punch             |       |     2 |     4 |     7 |     9 ||    22
         Broad axe         |       |       |       |    57 |   831 ||   888
  Throw: Dart              |       |       |    10 |       |       ||    10
 Invoke: Berserk           |     1 |     3 |     3 |     5 |    10 ||    22
         Trog's Hand       |       |     1 |       |     3 |     5 ||     9
         Brothers in Arms  |       |       |       |     2 |     2 ||     4
  Evoke: Wand              |       |       |       |       |     1 ||     1
    Use: Scroll            |       |       |    14 |     5 |     4 ||    23
   Stab: Distracted        |       |       |       |       |     2 ||     2
 Armour: Animal skin       |    19 |       |       |       |       ||    19
         Chain mail        |       |    15 |    24 |       |       ||    39
         Plate armour      |       |       |   240 |   389 |   333 ||   962
         Skin              |       |       |     1 |       |       ||     1
  Dodge: Dodged            |    59 |    28 |   166 |   268 |   351 ||   872
  Block: Other             |       |       |    32 |    99 |    65 ||   196
         Reflection        |       |       |     5 |     2 |    10 ||    17
         Buckler           |       |       |       |       |   166 ||   166
